 Dungeon Crawl Stone Soup version 0.20-a0-681-gf83e07f (webtiles) character file.

632 polly the Slasher (level 7, -1/52 HPs)
             Began as a Demonspawn Gladiator on Feb 18, 2017.
             Slain by a scorpion (7 damage)
             ... on level 5 of the Dungeon.
             The game lasted 00:06:06 (3370 turns).

polly the Slasher (Demonspawn Gladiator)            Turns: 3370, Time: 00:06:07

Health: -1/52      AC: 15    Str: 18    XL:     7   Next: 24%
Magic:  7/7        EV: 10    Int:  9    God:
Gold:   189        SH:  0    Dex: 18    Spells: 6/6 levels left

rFire    . . .     SeeInvis .   a - +0 long sword
rCold    . . .     Gourm    .   n - +0 plate armour
rNeg     . . .     Faith    .   (no shield)
rPois    .         Spirit   .   c - +0 helmet
rElec    .         Reflect  .   l - +0 cloak
rCorr    .         Harm     .   b - +1 pair of gloves {Dex+3}
MR       .....                  (no boots)
Stlth    ..........             y - amulet of magic regeneration
Regen    0.2/turn               (no ring)
MPRegen  0.2/turn               (no ring)

@: lethally poisoned (-1 -> -6)
A: talons 2, repulsion field 2, mutation resistance 1, strong 1, rot immunity
a: no special abilities


You were on level 5 of the Dungeon.
You were hungry.

You visited 1 branch of the dungeon, and saw 5 of its levels.

You collected 189 gold pieces.

Inventory:

Hand Weapons
 a - a +0 long sword (weapon)
Missiles
 d - 4 throwing nets (quivered)
Armour
 b - a +1 pair of gloves of dexterity (worn)
 c - a +0 helmet (worn)
 l - a +0 cloak (worn)
 n - a +0 plate armour (worn)
Jewellery
 y - an amulet of magic regeneration (around neck)
Wands
 p - a wand of iceblast (7/15)
Scrolls
 h - a scroll of fear {unknown}
 i - a scroll of amnesia {unknown}
 j - a scroll of blinking {unknown}
 o - 2 scrolls of fog {unknown}
 r - 2 scrolls of remove curse
 t - a scroll of identify {unknown}
 u - 2 scrolls of teleportation {unknown}
 z - a scroll of enchant armour {unknown}
Potions
 e - a potion of flight {unknown}
 m - 3 potions of agility {unknown}
 q - 2 potions of heal wounds {unknown}
 s - a potion of might {unknown}
 w - a potion of brilliance
 x - a potion of haste {unknown}
Comestibles
 f - 3 bread rations
 g - 3 royal jellies
 k - 3 meat rations
 v - 6 fruits


   Skills:
 + Level 3.3 Fighting
 + Level 5.9 Long Blades
 + Level 1.9 Throwing
 + Level 2.7 Armour
 + Level 3.5 Dodging
 + Level 0.6 Stealth
 + Level 0.3 Unarmed Combat


You had 6 spell levels left.
You didn't know any spells.

Dungeon Overview and Level Annotations

Branches:
Dungeon (5/15)             Temple (0/1) D:4

Altars:
Sif Muna
Trog
Vehumet
The Shining One

Annotations:
D:5 aty692's ghost, amateur BaSu


Innate Abilities, Weirdness & Mutations

You have razor-sharp toenails.
You are surrounded by a moderate repulsion field. (EV +3)
You are immune to rotting.
You are somewhat resistant to further mutation.
Your muscles are strong. (Str +2)


Message History

The scorpion is lightly wounded.
You feel sick.
The scorpion stings you but does no damage.
The river rat bites you.
You hit the scorpion but do no damage. Your kick misses the scorpion.
The scorpion is lightly wounded.
The river rat bites you.
* * * LOW HITPOINT WARNING * * *
The scorpion barely misses you.
You hit the scorpion.
The scorpion is heavily wounded.
You feel sick.
The river rat bites you but does no damage.
The scorpion stings you but does no damage.
You hit the scorpion but do no damage. Your kick misses the scorpion.
The scorpion is heavily wounded.
You feel sick. The river rat bites you!
* * * LOW HITPOINT WARNING * * *
The scorpion stings you!
You die...

#.#.....# #.#.....#
#.......# # .
###....## .# ..
#....# ###. ...
###....# #.. ....
#......# #.# .....
#......###b####......
#........5Wr@s.......
#?........b#####.##.#
#.........ยง#
#..........#
#.$........#
#$.........#
#..........#
#..........#
#..........#


You could see a scorpion, aty692's ghost, a crimson imp, a river rat and 2 bats.

Vanquished Creatures
  A sky beast (D:3)
  The ghost of polly the Slasher, an amateur DsGl (D:3)
  2 scorpions (D:4)
  An orc wizard (D:4)
  Crazy Yiuf (D:2)
  Natasha (thrice) (D:2)
  2 worker ants
  Robin (D:2)
  7 adders
  An ooze (D:2)
  5 worms
  2 dart slugs
  3 leopard geckos
  4 orcs (D:4)
  6 giant cockroaches
  16 goblins
  4 hobgoblins
  9 jackals
  A quokka (D:2)
  6 bats
  7 frilled lizards
  7 kobolds
  5 rats
95 creatures vanquished.

Notes
Turn   | Place    | Note
-------+----------+-------------------------------------------
     0 | D:1      | polly the Demonspawn Gladiator began the quest for the Orb.
     0 | D:1      | Reached XP level 1. HP: 16/16 MP: 1/1
    83 | D:1      | Gained mutation: You are immune to rotting. [demonic ancestry]
    83 | D:1      | Reached XP level 2. HP: 15/22 MP: 2/2
   224 | D:1      | Reached skill level 3 in Long Blades
   580 | D:2      | Noticed Robin
   597 | D:2      | Gained mutation: You are surrounded by a mild repulsion field. (EV +2) [demonic ancestry]
   597 | D:2      | Reached XP level 3. HP: 23/27 MP: 3/3
   618 | D:2      | Killed Robin
   909 | D:2      | Reached skill level 1 in Armour
   972 | D:2      | Gained mutation: You are surrounded by a moderate repulsion field. (EV +3) [demonic ancestry]
   972 | D:2      | Reached XP level 4. HP: 21/33 MP: 4/4
   987 | D:2      | Noticed Natasha
   995 | D:2      | Killed Natasha
  1219 | D:2      | Found a runed door.
  1258 | D:2      | Noticed Natasha
  1307 | D:2      | Killed Natasha
  1307 | D:2      | Reached skill level 4 in Long Blades
  1318 | D:2      | Noticed Natasha
  1328 | D:2      | Killed Natasha
  1328 | D:2      | Gained mutation: You have sharp toenails. [demonic ancestry]
  1328 | D:2      | Reached XP level 5. HP: 36/39 MP: 5/5
  1337 | D:2      | Found a deep blue altar of Sif Muna.
  1493 | D:2      | Noticed Crazy Yiuf
  1498 | D:2      | Killed Crazy Yiuf
  1630 | D:3      | Noticed polly's ghost (amateur DsGl)
  1650 | D:3      | Killed polly's ghost
  1650 | D:3      | Gained mutation: You have razor-sharp toenails. [demonic ancestry]
  1650 | D:3      | Reached XP level 6. HP: 29/46 MP: 6/6
  1668 | D:3      | Found a radiant altar of Vehumet.
  1671 | D:3      | Noticed a sky beast
  1695 | D:3      | Killed a sky beast
  1695 | D:3      | Reached skill level 5 in Long Blades
  1701 | D:3      | Gained mutation: Your muscles are strong. (Str +2) [mutagenic meat]
  1702 | D:3      | Gained mutation: You are somewhat resistant to further mutation. [mutagenic meat]
  2827 | D:4      | Reached XP level 7. HP: 43/52 MP: 7/7
  3016 | D:4      | Found a staircase to the Ecumenical Temple.
  3046 | D:4      | Found a bloodstained altar of Trog.
  3089 | D:4      | Found a glowing golden altar of the Shining One.
  3291 | D:5      | Entered Level 5 of the Dungeon
  3315 | D:5      | Noticed aty692's ghost (amateur BaSu)
  3370 | D:5      | Slain by a scorpion

Vault maps used:
D:1:      wheals_arrival_shading
D:2:      lemuel_blue_sif_altar, first_bread, uniq_natasha, uniq_robin,
          uniq_crazy_yiuf_cottage
D:3:      vehumet_crystals
D:4:      kennysheep_little_box, minmay_temple_entry_from_below_a, st_stairs_7,
          trog_butcher_becter
D:5:      lemuel_flamethrower_2

Skill      XL: |  1  2  3  4  5  6 |
---------------+-------------------+-----
Dodging        | 3 |  3.5
Long Blades    | 3 4 5 |  5.9
Armour         | 1 2 |  2.7
Fighting       | 3 |  3.3
Throwing       | |  1.9
Stealth        | |  0.6
Unarmed Combat | |  0.3

Action                   |  1- 3 |  4- 6 |  7- 9 || total
-------------------------+-------+-------+-------++-------
Melee: Long sword        |   104 |   209 |    64 ||   377
       Unarmed           |       |     7 |       ||     7
       Kick              |       |    65 |    26 ||    91
Throw: Throwing net      |     2 |       |       ||     2
  Use: Potion            |     3 |     1 |       ||     4
       Scroll            |       |     1 |       ||     1
  Eat: Chunk             |       |    11 |     2 ||    13
Armor: Leather armour    |    31 |       |       ||    31
       Plate armour      |       |   138 |    65 ||   203
       Skin              |       |     1 |       ||     1
Dodge: Dodged            |   101 |   126 |    63 ||   290
       Rpst.: Long sword |    35 |    49 |    22 ||   106
